 Dungeon Crawl Stone Soup version 0.24.0-123-gd5b16e6ec5 (webtiles) character file.

Game seed: 17609892065788043433, levelgen mode: deterministic

12968 1994 the Archer (level 11, -4/97 HPs)
             Began as a Centaur Gladiator on Feb 4, 2020.
             Was the Champion of Okawaru.
             Slain by a blink frog (18 damage)
             ... on level 1 of the Lair of Beasts.
             The game lasted 00:49:49 (14842 turns).

1994 the Archer (Centaur Gladiator)                Turns: 14842, Time: 00:49:50

Health: -4/97      AC: 10    Str: 15    XL:     11   Next: 69%
Magic:  12/12      EV: 13    Int: 10    God:    Okawaru [******]
Gold:   95         SH:  0    Dex: 11    Spells: 10/10 levels left

rFire    . . .     SeeInvis .   a - +0 halberd
rCold    . . .     Gourm    .   (shield currently unavailable)
rNeg     . . .     Faith    .   Y - +2 robe {MR+}
rPois    .         Spirit   .   c - +1 helmet
rElec    .         Reflect  .   E - +0 cloak
rCorr    +         Harm     .   x - +0 pair of gloves (curse)
MR       +....                  (no barding)
Stlth    +.........             y - amulet of regeneration
HPRegen  0.66/turn              I - +3 ring of evasion
MPRegen  0.13/turn              s - ring of resist corrosion

@: lethally poisoned (-4 -> -4), studying Armour, very quick
A: large, hooves 3, deformed body, speed 2, tough skin 3, weak 1
a: Heroism, Finesse, Renounce Religion


You were on level 1 of the Lair of Beasts.
You worshipped Okawaru.
Okawaru was exalted by your worship.
You were very hungry.

You visited 3 branches of the dungeon, and saw 13 of its levels.

You collected 459 gold pieces.
You spent 364 gold pieces at shops.

Inventory:

Hand Weapons
 a - a +0 halberd (weapon)
 b - a +1 shortbow
 K - a +0 trident
 S - a +0 hunting sling
Missiles
 d - 3 throwing nets
 e - 3 curare-tipped darts
 g - 14 poisoned darts (quivered)
 i - 137 arrows
 m - 136 sling bullets
 C - 5 silver javelins
Armour
 c - a +1 helmet (worn)
 x - a cursed +0 pair of gloves (worn)
 A - a +0 scale mail
 E - a +0 cloak (worn)
 U - a scarf of cloud immunity
 Y - a +2 robe of magic resistance (worn)
Jewellery
 s - a ring of resist corrosion (right hand)
 y - an amulet of regeneration (around neck)
 B - an uncursed ring of wizardry
 I - a +3 ring of evasion (left hand)
 M - an uncursed ring of ice
Wands
 n - a wand of paralysis (9)
 w - a wand of acid (11)
 N - a wand of random effects (13)
 T - a wand of polymorph (10)
 V - a wand of flame (42)
Scrolls
 h - a scroll of amnesia {unknown}
 j - a scroll of blinking
 q - 8 scrolls of remove curse
 t - 2 scrolls of enchant weapon
 u - a scroll of holy word {unknown}
 D - 2 scrolls of fog
 J - a scroll of fear {unknown}
 O - a scroll of immolation {unknown}
 P - a scroll of enchant armour
 Q - a scroll of teleportation {shop}
 R - a scroll of vulnerability {shop, unknown}
 X - 3 scrolls of identify
Potions
 k - 2 potions of lignification
 l - 3 potions of flight
 o - 2 potions of agility
 p - 2 potions of magic
 r - 6 potions of haste
 v - 4 potions of heal wounds
 F - a potion of curing
 G - 2 potions of mutation
 H - a potion of berserk rage
 L - a potion of invisibility
 W - 2 potions of ambrosia
Books
 z - a manual of Armour
Comestibles
 f - 19 rations


   Skills:
 + Level 9.4 Fighting
 * Level 12.0 Polearms
 * Level 12.5 Bows
 - Level 2.1 Throwing
 - Level 2.1 Dodging
 + Level 2.6 Invocations


You had 10 spell levels left.
You didn't know any spells.
Your spell library was empty.

Dungeon Overview and Level Annotations

Branches:
Dungeon (11/15)            Temple (1/1) D:6            Lair (1/6) D:11
    Orc (0/2) D:10

Altars:
Ashenzari
Cheibriados
Dithmenos
Elyvilon
Fedhas
Gozag
Hepliaklqana
Kikubaaqudgha
Makhleb
Nemelex Xobeh
Okawaru
Qazlal
Ru
Sif Muna
Trog
Uskayaw
Vehumet
Wu Jian
Xom
Yredelemnul
Zin
The Shining One

Shops:
D:7 *


Innate Abilities, Weirdness & Mutations

You have hooves in place of feet.
Armour fits poorly on your strangely shaped body.
You cover ground very quickly.
You have extremely tough skin. (AC +3)
You are weak. (Str -2)


Message History

You feel sick.
You feel sick.
You feel sick.
You feel sick.
The blink frog blinks!
You feel sick.
You feel sick.
You feel sick.
You feel sick. The blink frog hits you.
* * * LOW HITPOINT WARNING * * *
* * * LOW HITPOINT WARNING * * *
You feel sick.
You feel much better.
You feel sick. The blink frog hits you!
* * * LOW HITPOINT WARNING * * *
Unknown command.
Unknown command.
You feel sick.
The blink frog blinks!
There is a staircase back to the Dungeon here.
You feel sick. The blink frog hits you!!
You die...

#######
##≈≈≈≈≈##
#≈≈≈≈≈≈≈##
#≈≈@...≈≈##
#≈P.F..P≈≈#
##.##...≈≈#
##.#...≈##
####FP≈#
#..P≈≈#
#..≈≈##
#..≈##
##.≈≈#


You could see 2 blink frogs.

Vanquished Creatures
  Nergalle (D:10)
  The ghost of fritzmikael the Geomancer, a novice GrEE (D:7)
  Pikel (D:8)
  A manticore (D:11)
  Joseph (D:7)
  2 gargoyles
  A black mamba (Lair:1)
  2 centaur skeletons (D:11)
  A troll (D:8)
  Grinder (D:6)
  Prince Ribbit (D:6)
  2 hippogriffs
  4 slime creatures
  A wraith (D:11)
  A water elemental (D:11)
  9 yaks
  Eustachio (D:6)
  A steam dragon (D:8)
  3 hungry ghosts
  3 porcupines (D:11)
  4 slaves (D:8)
  2 orc warriors
  5 ice beasts
  2 sky beasts
  5 phantoms
  6 ogres
  3 centaurs
  9 big kobolds
  2 bullfrogs
  A water moccasin skeleton (D:11)
  4 scorpions
  2 troll zombies (D:10)
  4 killer bees (D:6)
  3 electric eels (D:11)
  6 crimson imps
  A bullfrog zombie (D:8)
  A centaur zombie (D:9)
  2 quasits
  8 orc priests
  5 hounds
  2 jellies
  7 orc wizards
  Crazy Yiuf (D:6)
  2 bullfrog skeletons
  4 iguanas
  7 worker ants
  6 ogre zombies (D:10)
  2 hound skeletons
  A hound zombie (D:11)
  A howler monkey skeleton (D:6)
  A worker ant zombie (D:9)
  3 gnolls
  10 adders
  2 shadow imps (D:5)
  2 adder zombies (D:2)
  2 adder skeletons (D:2)
  4 worms
  3 dart slugs
  4 leopard geckos
  38 orcs
  2 ball pythons
  13 bats
  3 bat skeletons (D:2)
  2 bat zombies (D:2)
  5 giant cockroaches
  9 goblins
  5 hobgoblins
  6 jackals
  9 quokkas
  3 frilled lizards
  2 giant cockroach zombies (D:2)
  A goblin skeleton (D:10)
  5 goblin zombies (D:10)
  A hobgoblin skeleton (D:10)
  4 hobgoblin zombies (D:10)
  A jackal skeleton (D:2)
  9 kobolds
  2 leopard gecko zombies (D:2)
  3 orc skeletons (D:10)
  11 orc zombies (D:10)
  2 quokka skeletons (D:2)
  8 rats
321 creatures vanquished.

Vanquished Creatures (others)
  3 fungi (D:7)
  A plant (D:7)
4 creatures vanquished.

Grand Total: 325 creatures vanquished

Notes
Turn   | Place    | Note
-------+----------+-------------------------------------------
     0 | D:1      | 1994 the Centaur Gladiator began the quest for the Orb.
     0 | D:1      | Reached XP level 1. HP: 17/17 MP: 1/1
   442 | D:1      | Reached XP level 2. HP: 21/24 MP: 2/2
  1265 | D:2      | Reached XP level 3. HP: 30/30 MP: 3/3
  1475 | D:2      | You fall into a shaft and drop 1 floor!
  1519 | D:2      | Reached XP level 4. HP: 36/37 MP: 4/4
  2663 | D:3      | Reached XP level 5. HP: 32/45 MP: 1/5
  3374 | D:3      | Reached skill level 5 in Polearms
  3832 | D:4      | Found a glowing silver altar of Zin.
  3832 | D:4      | Found a sacrificial altar of Ru.
  3882 | D:4      | Reached XP level 6. HP: 52/52 MP: 6/6
  4505 | D:5      | Entered Level 5 of the Dungeon
  4540 | D:5      | Found a shattered altar of Ashenzari.
  4802 | D:4      | Reached XP level 7. HP: 46/60 MP: 7/7
  4896 | D:5      | Noticed a hungry ghost
  4913 | D:5      | Killed a hungry ghost
  4913 | D:5      | Reached skill level 5 in Fighting
  5567 | D:6      | Noticed Eustachio
  5567 | D:6      | Noticed Prince Ribbit
  5591 | D:6      | HP: 3/61 [quasit[Eustachio] (1)]
  5968 | D:6      | Killed Eustachio
  5968 | D:6      | Reached XP level 8. HP: 69/69 MP: 8/8
  6219 | D:6      | Found a blossoming altar of Fedhas.
  6244 | D:6      | Found a stormy altar of Qazlal.
  6621 | D:6      | Found a staircase to the Ecumenical Temple.
  6627 | Temple   | Entered the Ecumenical Temple
  6651 | Temple   | Became a worshipper of Warmaster Okawaru
  6879 | D:6      | Noticed Grinder
  6893 | D:6      | Killed Grinder
  6893 | D:6      | Reached skill level 1 in Invocations
  7224 | D:6      | Killed Prince Ribbit
  7413 | D:6      | Found a runed translucent door.
  7414 | D:6      | Noticed Crazy Yiuf
  7792 | D:6      | Reached * piety under Okawaru
  7885 | D:7      | Reached XP level 9. HP: 75/78 MP: 8/10
  7955 | D:7      | Found a runed translucent gate.
  7956 | D:7      | Found a runed translucent gate.
  7956 | D:7      | Noticed fritzmikael's ghost (novice GrEE)
  7958 | D:7      | Found a runed translucent gate.
  7977 | D:7      | Found a basalt altar of Yredelemnul.
  7977 | D:7      | Found an ornate altar of the Wu Jian Council.
  8146 | D:7      | Found Afonuqol's Assorted Antiques.
  8149 | D:7      | Bought a scroll labeled CETIMICWIJYRIS for 28 gold pieces
  8149 | D:7      | Bought a scroll labeled OCSOOL CERU for 28 gold pieces
  8149 | D:7      | Bought a scroll labeled CAKUIBB QECAUMM for 28 gold pieces
  8149 | D:7      | Bought a scroll labeled CETIMICWIJYRIS for 28 gold pieces
  8481 | D:8      | Noticed Joseph
  8561 | D:7      | Killed Joseph
  8561 | D:7      | Reached skill level 5 in Bows
  8850 | D:8      | Reached ** piety under Okawaru
  8911 | D:8      | Noticed Pikel
  9093 | D:8      | Killed Pikel
  9287 | D:8      | Reached skill level 10 in Polearms
  9437 | D:8      | Reached *** piety under Okawaru
  9437 | D:8      | Reached XP level 10. HP: 48/86 MP: 6/11
 10123 | D:8      | Reached **** piety under Okawaru
 10964 | D:9      | Got a fabulously ornate robe
 10975 | D:9      | Identified the +2 robe of the Invisible Hand {Stlth+} (You
                  | found it on level 9 of the Dungeon)
 11011 | D:10     | Entered Level 10 of the Dungeon
 11441 | D:10     | Reached skill level 10 in Bows
 11510 | D:10     | Noticed Nergalle
 11595 | D:10     | Killed Nergalle
 11757 | D:10     | Reached ***** piety under Okawaru
 11973 | D:10     | Found a staircase to the Orcish Mines.
 12331 | D:10     | Noticed a gargoyle
 12377 | D:10     | Killed a gargoyle
 12377 | D:10     | Reached XP level 11. HP: 82/95 MP: 9/12
 12854 | D:11     | Received a gift from Okawaru
 13581 | D:11     | Found a staircase to the Lair.
 14045 | D:7      | Found a bloodstained altar of Trog.
 14093 | D:7      | Bought a crude halberd for 252 gold pieces
 14093 | D:7      | Identified the +7 halberd of Invincibility {drain, *Contam
                  | rElec MR++ SInv} (You bought it in a shop on level 7 of the
                  | Dungeon)
 14183 | D:7      | Gained mutation: You are weak. (Str -2) [mutagenic glow]
 14293 | D:6      | Killed Crazy Yiuf
 14454 | D:7      | Killed fritzmikael's ghost
 14475 | D:7      | Reached ****** piety under Okawaru
 14711 | Lair:1   | Entered Level 1 of the Lair of Beasts
 14814 | Lair:1   | Received a gift from Okawaru
 14836 | Lair:1   | HP: 2/97 [blink frog (5)]
 14842 | Lair:1   | Slain by a blink frog

Levels and vault maps discovered:
D:1:      lightli_arrival_farm, layout_loops_corners, nrook_loot_triangle
D:2:      layout_rooms, serial_undead, serial_undead_d, serial_undead_f,
          serial_undead_d, serial_undead_f, serial_undead_b, serial_undead_f,
          serial_undead_f, serial_undead_e, serial_undead_f, serial_undead_d,
          interstate_on_off
D:3:      layout_basic
D:4:      wad_pebble_path, layout_rooms,
          chequers_temple_overflow_statue_of_worship
D:5:      layout_basic, cheibrodos_ashenzari_chains, first_ration,
          minmay_manual_monstrance
D:6:      layout_basic, grunt_temple_overflow_forces_of_nature,
          minmay_temple_entry_gardened_gates, minivault_5, uniq_prince_ribbit1,
          uniq_grinder, uniq_eustachio, uniq_crazy_yiuf_cottage
D:7:      minmay_spotlight, layout_basic, nicolae_overflow_hidden_temple,
          gammafunk_ghost_nasty_kobolds, serial_shops, kennysheep_mini_moat
D:8:      layout_basic, blue_anna_alchemist [blue_anna_fruit_fields,
          blue_anna_fruit_fields], uniq_joseph, uniq_pikel
D:9:      layout_long_grid
D:10:     layout_roguey, zombieorc2_lemuel, uniq_nergalle
D:11:     layout_basic, grunt_lair_entry_orc_guard_hut, chequers_big_river,
          minmay_misc_feat_tower
Temple:   eino_temple_water
Lair:1:   layout_cave_shapes, cheibrodos_lair_caveside_slide,
          grunt_forest_large_clearing_hut

Skill      XL: |  1  2  3  4  5  6  7  8  9 10 11 |
---------------+----------------------------------+-----
Polearms       | 3 4 5 6 7 8 10 11 12 | 12.0
Fighting       | 3 4 5 6 7 8 9 |  9.4
Bows           | 4 8 10 12 | 12.5
Invocations    | 2 |  2.6
Throwing       | |  2.1
Dodging        | |  2.1

Action                   |  1- 3 |  4- 6 |  7- 9 | 10-12 || total
-------------------------+-------+-------+-------+-------++-------
Melee: Trident           |   126 |   150 |   111 |       ||   387
       Kick              |    19 |    42 |    79 |   131 ||   271
       Halberd           |       |    80 |   304 |   621 ||  1005
       Dagger            |       |       |    37 |    10 ||    47
 Fire: Shortbow          |       |       |    12 |    15 ||    27
Throw: Dart              |       |     4 |    17 |     6 ||    27
Evoke: Wand              |       |       |       |     4 ||     4
  Use: Scroll            |       |       |    12 |     8 ||    20
       Potion            |       |       |       |     2 ||     2
  Eat: Chunk             |     1 |     9 |    10 |    16 ||    36
       Ration            |       |       |     2 |       ||     2
Armor: Leather armour    |    41 |    55 |       |       ||    96
       Scale mail        |       |    16 |   179 |    64 ||   259
       Robe              |       |       |       |    68 ||    68
Dodge: Dodged            |    49 |   103 |   194 |   259 ||   605
